 Dungeon Crawl Stone Soup version 0.20-a0-296-gf222164 (webtiles) character file.

26 AlphabetPasta the Stinger (level 3, -6/31 HPs)
             Began as an Ogre Venom Mage on Dec 14, 2016.
             Mangled by a worm (9 damage)
             ... on level 1 of the Dungeon.
             The game lasted 00:09:36 (1172 turns).

AlphabetPasta the Stinger (Ogre Venom Mage)         Turns: 1172, Time: 00:09:36

Health: -6/31      AC:  5    Str:  9 (12) XL:     3   Next: 8%
Magic:  1/6        EV: 10    Int: 15 (17) God:
Gold:   16         SH:  0    Dex:  8 (9)  Spells: 3/7 levels left

rFire  . . .     SeeInvis .     k - +0 whip
rCold  . . .     Gourm    .     a - +1 robe
rNeg   . . .     Faith    .     (no shield)
rPois  .         Spirit   .     (helmet restricted)
rElec  .         Reflect  .     e - +0 cloak
rCorr  .         Harm     .     (gloves unavailable)
MR     .....                    (boots unavailable)
Stlth  ++........               (no amulet)
                                (no ring)
                                (no ring)

@: lethally poisoned (-6 -> -8), very slightly contaminated, invisible
A: unfitting armour, tough skin 1
a: no special abilities


You were on level 1 of the Dungeon.
You were not hungry.

You visited 1 branch of the dungeon, and saw 2 of its levels.

You collected 16 gold pieces.

Inventory:

Hand Weapons
 j - a +0 dagger
 k - a +0 whip (weapon)
Armour
 a - a +1 robe (worn)
 e - a +0 cloak (worn)
Scrolls
 f - a scroll of teleportation {unknown}
 i - 2 scrolls of random uselessness
 m - a scroll of remove curse {unknown}
Potions
 h - a potion of invisibility
Books
 b - a Young Poisoner's Handbook

   Spells                             Type                      Level
   a - Sting                          Conjuration/Poison           1
   b - Mephitic Cloud                 Conjuration/Poison/Air       3
   c - Olgreb's Toxic Radiance        Poison                       4
   d - Alistair's Intoxication        Transmutation/Poison         5
   e - Venom Bolt                     Conjuration/Poison           5
Comestibles
 c - a bread ration
 g - a beef jerky
 l - 3 chunks of flesh
 n - a meat ration


   Skills:
 + Level 0.1 Maces & Flails
 + Level 2.0 Dodging
 - Level 1.7 Stealth
 + Level 2.5 Spellcasting
 + Level 0.0 Conjurations
 * Level 4.1 Poison Magic


You had 3 spell levels left.
You knew the following spells:

 Your Spells              Type           Power        Failure   Level  Hunger
a - Sting                 Conj/Pois      #...         12%         1    #......
b - Mephitic Cloud        Conj/Pois/Air  #.......     34%         3    ###....


Dungeon Overview and Level Annotations

Branches:
Dungeon (2/15)

Altars:


Innate Abilities, Weirdness & Mutations

You are too large for most types of armour.
You have tough skin. (AC +1)


Message History

You feel sick. The adder misses you.
It was a potion of degeneration.
There was something very wrong with that liquid.
You feel weakened.
You feel dopey.
You feel clumsy. The adder barely misses you. The worm bites you.
* * * LOW HITPOINT WARNING * * *
The adder bites you.
* * * LOW HITPOINT WARNING * * *
You barely miss the adder.
The adder is moderately wounded.
The adder misses you. The worm closely misses you.
You miss the adder.
The adder is moderately wounded.
The adder barely misses you. The adder bites you but does no damage.
You miss the adder.
The adder is moderately wounded.
* * * LOW HITPOINT WARNING * * *
You feel sick.
The adder looks more healthy.
The adder bites you but does no damage. The worm bites you!
You die...

##..#.#.(.........#
##.#.#......######
########...#......#########
#######......>...+......'........
#........#.......#......#########
#................................
#.......)......#.........#######.
#.........######S###############.
#.........# #@w...............
#.........# #################%
#.........# #.###.
#.........####### #.....
#...............# #.####
#######'#######.# #.# #.# ###.#
#.# #.# #...# #.# #.#####.### #.#


You could see a worm and an adder.

Vanquished Creatures
  A dart slug (D:1)
  2 leopard geckos (D:1)
  A giant cockroach (D:1)
  5 goblins (D:1)
  A hobgoblin (D:1)
  3 kobolds (D:1)
  4 bats (D:1)
  A frilled lizard (D:1)
  2 rats (D:1)
20 creatures vanquished.

Notes
Turn   | Place    | Note
-------+----------+-------------------------------------------
     0 | D:1      | AlphabetPasta the Ogre Venom Mage began the quest for the Orb.
     0 | D:1      | Reached XP level 1. HP: 16/16 MP: 3/3
   191 | D:1      | Reached XP level 2. HP: 20/24 MP: 1/5
   425 | D:1      | Reached skill level 4 in Poison Magic
   766 | D:1      | Reached XP level 3. HP: 21/31 MP: 0/6
   774 | D:1      | Learned a level 3 spell: Mephitic Cloud
  1172 | D:1      | Mangled by a worm

Vault maps used:
D:1:      dpeg_arrival_erosion
D:2:      marbit_many_paths, first_bread, uniq_iyjb, uniq_natasha, uniq_terence

Skill      XL: |  1  2 |
---------------+-------+-----
Poison Magic   | 4 |  4.1
Dodging        | 2 |  2.0
Maces & Flails | |  0.1
Stealth        | |  1.7
Spellcasting   | |  2.5

Action                   || total
-------------------------++-------
Melee: Unarmed           ||    26
       Whip              ||    20
 Cast: Sting             ||    49
  Use: Scroll            ||     2
       Potion            ||     2
  Eat: Chunk             ||     1
Armor: Robe              ||    33
Dodge: Dodged            ||    53
